 Dungeon Crawl Stone Soup version 0.29.1-1-gd02db6906a (webtiles) character file.

Game seed: 15043496499343554910

543287 EvilAshe the Impregnable (level 27, -5/205 (207) HPs)
             Began as a Human Fighter on Sept 28, 2022.
             Was a High Priest of Makhleb.
             Killed from afar by a hellion (24 damage)
             ... with damnation
             ... summoned by a dread lich
             ... on level 5 of the Realm of Zot on Sept 29, 2022.
             The game lasted 03:42:45 (84553 turns).

EvilAshe the Impregnable (Human Fighter)           Turns: 84553, Time: 03:42:45

HP:   -5/205 (207)  AC: 47    Str: 33      XL:     27
MP:   32/35         EV: 19    Int: 11 (12) God:    Makhleb [*****.]
Gold: 3526          SH: 16    Dex: 16      Spells: 20/26 levels left

rFire   + + .      SeeInvis .   a - +9 double sword (freeze)
rCold   + . .      Faith    .   u - +2 kite shield {AC+3}
rNeg    . . .      Spirit   .   G - +9 gold dragon scales
rPois   +          Reflect  .   (helmet restricted)
rElec   +          Harm     .   q - +4 dragonskin cloak
rCorr   .          Rampage  .   Y - +2 pair of gloves {Str+3}
Will    ++...                   c - +2 pair of boots of Wrong Decisions {rElec rF+ Dex+2}
Stlth   ..........              V - amulet of regeneration
HPRegen 1.24/turn               S - ring of Itoas {EV+4 Str+2 Int+4}
MPRegen 0.24/turn               P - +4 ring of protection

@: frozen, lightly drained, very slow
A: antennae 1, deformed body, deterioration 1, dopey 1, frail 1
}: 3/15 runes: serpentine, barnacled, silver
a: Renounce Religion, Minor Destruction, Lesser Servant of Makhleb, Major
Destruction, Greater Servant of Makhleb


You were on level 5 of the Realm of Zot.
You worshipped Makhleb.
Makhleb was extremely pleased with you.
You visited 8 branches of the dungeon, and saw 44 of its levels.
You visited the Abyss 2 times.
You also visited: Sewer and Ossuary.

You collected 7837 gold pieces.
You spent 4311 gold pieces at shops.

Inventory:

Hand Weapons
 a - a +9 double sword of freezing (weapon)
 b - a +1 long sword of flaming
Missiles
 d - 6 throwing nets
 h - 35 boomerangs (quivered)
 B - 8 curare-tipped darts
 I - 36 poisoned darts
Armour
 c - the +2 pair of boots of Wrong Decisions (worn) {rElec rF+ Dex+2}
   (You acquired it on level 3 of the Lair of Beasts)

   Dex:       It affects your dexterity (+2).
   rF:        It protects you from fire.
   rElec:     It insulates you from electricity.
 q - the +4 dragonskin cloak (worn)
   (You took it off Tiamat on level 5 of the Realm of Zot)

   It grants the wearer a chance to resist fire, cold, poison, electricity,
   acid, and negative energy.
 u - a +2 kite shield of protection (worn)
 x - a +1 kite shield of cold resistance
 G - +9 gold dragon scales (worn)
 J - the +0 helmet of Hedging {rN+ Will+ Str+2}
   (You found it on level 2 of the Vaults)

   Str:       It affects your strength (+2).
   rN:        It protects you from negative energy.
   Will:      It increases your willpower.
 Y - a +2 pair of gloves of strength (worn)
Jewellery
 m - a ring of willpower
 n - a ring of protection from fire
 v - a ring of see invisible
 P - a +4 ring of protection (right hand)
 S - the ring of Itoas (left hand) {EV+4 Str+2 Int+4}
   (You bought it in a shop on level 15 of the Dungeon)

   [ring of evasion]

   EV:        It affects your evasion (+4).
   Str:       It affects your strength (+2).
   Int:       It affects your intelligence (+4).
 V - an amulet of regeneration (around neck)
 W - the ring "Fedoxauf" {Fire rN++}
   (You found it on level 2 of the Snake Pit)

   [ring of fire]

   It enhances your fire magic.
   rF:        It protects you from fire.
   rC:        It makes you vulnerable to cold.
   rN:        It greatly protects you from negative energy.
Wands
 g - a wand of light (10)
 l - a wand of charming (30)
 y - a wand of flame (36)
 C - a wand of polymorph (8)
 D - a wand of digging (16)
 E - a wand of mindburst (33)
 N - a wand of roots (39)
Scrolls
 k - 7 scrolls of fear
 o - 4 scrolls of silence
 r - a scroll of poison
 s - 7 scrolls of butterflies
 t - a scroll of blinking
 A - 5 scrolls of magic mapping
 F - a scroll of summoning
 K - 4 scrolls of teleportation
 L - 4 scrolls of enchant weapon
 R - 3 scrolls of amnesia
Potions
 f - 3 potions of resistance
 j - 2 potions of heal wounds
 p - 7 potions of cancellation
 w - 15 potions of flight
 z - 10 potions of mutation
 M - a potion of might
 Q - 3 potions of ambrosia
 Z - 15 potions of curing
Miscellaneous
 e - a phial of floods
 i - a box of beasts
 O - a phantom mirror


   Skills:
 + Level 21.7 Fighting
 - Level 16.5 Long Blades
 + Level 21.7 Armour
 + Level 18.0 Dodging
 + Level 15.1 Shields
 + Level 15.5 Necromancy
 + Level 4.3 Air Magic
 - Level 17.0 Invocations


You had 20 spell levels left.
You knew the following spells:

 Your Spells              Type           Power      Damage    Failure   Level
a - Vampiric Draining     Necr           34%        2d8       2%          3
b - Swiftness             Air            9%         N/A       92%         3

Your spell library contained the following spells:

 Spells                   Type           Power      Damage    Failure   Level
 Necrotise                Necr           100%       1d9       1%          1
 Animate Dead             Necr           34%        N/A       8%          4
 Dispel Undead            Necr           34%        3d15      8%          4
 Agony                    Necr           34%        N/A       22%         5
 Death Channel            Necr           17%        N/A       75%         6
 Anguish                  Hex/Necr       8%         N/A       88%         4
 Static Discharge         Conj/Air       4%         3-4/arc   95%         2
 Apportation              Tloc           0%         N/A       99%         1
 Beastly Appendage        Tmut           0%         N/A       99%         1
 Freeze                   Ice            0%         1d3       99%         1
 Magic Dart               Conj           0%         1d3       99%         1
 Sandblast                Erth           0%         2d4       99%         1
 Slow                     Hex            0%         N/A       99%         1
 Summon Small Mammal      Summ           0%         N/A       99%         1
 Borgnjor's Vile Clutch   Necr/Erth      8%         N/A       99%         5
 Call Imp                 Summ           0%         N/A       100%        2
 Ensorcelled Hibernation  Hex/Ice        0%         N/A       100%        2
 Passwall                 Tmut/Erth      0%         N/A       100%        2
 Wereblood                Tmut           0%         N/A       100%        2
 Confusing Touch          Hex            0%         N/A       100%        3
 Conjure Flame            Conj/Fire      0%         6-21      100%        3
 Frozen Ramparts          Ice            0%         1d1       100%        3
 Gell's Gravitas          Tloc           0%         N/A       100%        3
 Ignite Poison            Fire/Tmut/Pois 0%         N/A       100%        3
 Lesser Beckoning         Tloc           0%         N/A       100%        3
 Mephitic Cloud           Conj/Pois/Air  3%         N/A       100%        3
 Ozocubu's Armour         Ice            0%         N/A       100%        3
 Spider Form              Tmut/Pois      0%         N/A       100%        3
 Stone Arrow              Conj/Erth      0%         3d7       100%        3
 Summon Guardian Golem    Hex/Summ       0%         N/A       100%        3
 Teleport Other           Tloc           0%         N/A       100%        3
 Airstrike                Air            4%         2d(1-17)  100%        4
 Animate Armour           Summ/Erth      0%         N/A       100%        4
 Cause Fear               Hex            0%         N/A       100%        4
 Fulminant Prism          Conj/Hex       0%         3d6       100%        4
 Hailstorm                Conj/Ice       0%         3d3       100%        4
 Iskenderun's Mystic Bla  Conj/Tloc      0%         2d3       100%        4
 Olgreb's Toxic Radiance  Pois           0%         N/A       100%        4
 Sticky Flame             Conj/Fire      0%         2d3       100%        4
 Blade Hands              Tmut           0%         N/A       100%        5
 Fireball                 Conj/Fire      0%         3d3       100%        5
 Lee's Rapid Deconstruct  Erth           0%         3d5*      100%        5
 Metabolic Englaciation   Hex/Ice        0%         N/A       100%        5
 Silence                  Hex/Air        2%         N/A       100%        5
 Summon Forest            Summ/Tloc      0%         N/A       100%        5
 Summon Mana Viper        Hex/Summ       0%         N/A       100%        5
 Yara's Violent Unravell  Hex/Tmut       0%         3d3       100%        5
 Eringya's Noxious Bog    Tmut/Pois      0%         N/A       100%        6
 Iron Shot                Conj/Erth      0%         9d1       100%        6
 Simulacrum               Ice/Necr       8%         N/A       100%        6
 Starburst                Conj/Fire      0%         6d3       100%        6
 Summon Cactus Giant      Summ           0%         N/A       100%        6
 Enfeeble                 Hex            0%         N/A       100%        7
 Orb of Destruction       Conj           0%         9d5       100%        7
 Ozocubu's Refrigeration  Ice            0%         4d7       100%        7
 Spellforged Servitor     Conj/Summ      0%         N/A       100%        7
 Summon Hydra             Summ           0%         N/A       100%        7
 Ignition                 Fire           0%         3d3       100%        8
 Shatter                  Erth           0%         3d5*      100%        9


Dungeon Overview and Level Annotations

Branches:
Dungeon (15/15)            Temple (0/1) D:5            Lair (5/5) D:8
 Shoals (4/4) Lair:3        Snake (4/4) Lair:3        Slime (0/5) Lair:4
    Orc (2/2) D:10            Elf (0/3) Orc:2        Vaults (5/5) D:13
  Crypt (0/3) Vaults:3     Depths (4/4) D:15            Zot (5/5) Depths:4
  Sewer (visited)         Ossuary (visited)

Altars:
Dithmenos
Fedhas
Hepliaklqana
Makhleb
Sif Muna
Vehumet
Xom
Zin
Jiyva
Lugonu

Shops:
D:1 (*[   D:13 =   D:15 =   Orc:1 ?   Orc:2 :(:[   Shoals:2 :   Shoals:4 [*:*(
Vaults:1 ?   Vaults:5 *   Depths:1 =::   Depths:2 :   Depths:3 ??*

Portals:
Hell: Depths:1 Depths:2 Depths:3 Depths:4
Abyss: Depths:1 Depths:2 Depths:3
Pandemonium: Depths:2 Depths:4
Ziggurat: Depths:2

Annotations:
D:9 1 runed translucent door, Rayvis's ghost, novice MiFi
D:14 Frances
D:15 3 runed translucent doors, MisterFreud's ghost, journeyman FoGl
Lair:3 exclusion: 3 oklob plants
Lair:4 exclusion: oklob plant
Snake:1 1 runed translucent door
Vaults:3 3 runed translucent doors, exclusion: obsidian statue, Ruk Syex's ghost, adept MiFi
Depths:2 1 runed door
Zot:2 2 transporters, exclusion: obsidian statue
Zot:3 1 runed translucent door, carontestyx's ghost, legendary TeAE
Zot:5 exclusion: 2 orange crystal statues


Innate Abilities, Weirdness & Mutations

You have a pair of small antennae on your head.
Armour fits poorly on your strangely shaped body.
Your body sometimes deteriorates upon taking damage.
You are dopey. (Int -2)
You are frail. (-10% HP)


Message History

The wind drake is engulfed in noxious fumes.
The wind drake flaps its wings at you. The air twists around and strikes you!
* * * LOW HITPOINT WARNING * * *
The wind drake is engulfed in noxious fumes.
The wind drake flaps its wings at you. The air twists around and strikes you.
You see here 14 gold pieces.
You feel much better.
The red draconian scorcher fails to trigger a net trap.
The white draconian stormcaller is engulfed in noxious fumes.
The wind drake is engulfed in noxious fumes. x2
The wind drake appears confused.
A bolt of lightning appears from out of thin air!
The bolt of lightning hits you! You resist.
* * * LOW HITPOINT WARNING * * *
The wind drake bites the white draconian stormcaller but does no damage.
A bolt of lightning appears from out of thin air!
The bolt of lightning hits you! You resist.
* * * LOW HITPOINT WARNING * * *
Blink to where?
Press: ? - help, Dir - move target
As you read the scroll of blinking, it crumbles to dust.
The wind drake flaps its wings at you. The air twists around and strikes you.
The wind drake bites the green draconian!
The red draconian scorcher breathes fire at you.
The searing blast hits you but does no damage.
The wind drake bites something but does no damage.
The green draconian is no longer berserk.
The white draconian stormcaller seems less confused.
The white draconian stormcaller calls down the wrath of Qazlal upon you.
The blast of ice hits you!! You partially resist.
* * * LOW HITPOINT WARNING * * *
You are encased in ice.
The swamp drake breathes poison at you. The wind drake flaps its wings at you.
The air twists around and strikes you. The hellion gestures at you.
The sphere of damnation explodes!
The damnation engulfs you!!
You die...

..................## #..........
...................# ##.........
...................# #.........
...........^.......# ##.........
...^^..§.k......^..# #..........
.........k.........# ##..........
.....{q..d^.d○○○...###...........
........yq..q○○○..###...#########
#..^.....d{kk○○.@##....##
##.......q.2....§....###
▓▓8..y8##▓▓▓▓▓▓▓▓▓▓▓#
*▓.......,,,,{,,,****
*........,,,,,,,,,,,***
,.......,,,^,,,,,,,,,,**
,.......,,,,,,,,,,,,,,,* ********
,.......,,,,,,,,,,,,,,,***,,^,,,^
,.......,,,,,,,,,,,,,,,**,,,,,,,,


You could see a green draconian monk (summoned, slow), a yellow draconian, a
green draconian (summoned, slow), a purple draconian, a white draconian
stormcaller (summoned), a red draconian scorcher (summoned, catching breath), 3
wind drakes, a hellion (summoned) and a swamp drake (summoned, catching breath).

Vanquished Creatures
  Tiamat (Zot:5)
  3 dread liches
  3 ancient liches
  5 orbs of fire
  Mennas (Vaults:5)
  Sojobo (Depths:1)
  4 Killer Klowns
  A curse toe (Zot:4)
  10 golden dragons
  A bone dragon (Depths:4)
  An electric golem (Zot:3)
  17 tentacled monstrosities
  12 Orb Guardians (Zot:5)
  2 liches
  Asterion (Snake:1)
  5 quicksilver dragons
  A walking earthen tome (Depths:3)
  A kraken (Shoals:4)
  3 titans
  A deep elf blademaster (Depths:3)
  An ancient champion (Vaults:3)
  8 death cobs
  3 sphinxes
  2 tentacled starspawn (Abyss:2)
  8 tengu reavers
  Kirke (Shoals:4)
  15 storm dragons
  7 nagarajas
  13 shadow dragons
  5 draconian monks
  9 fire giants
  3 iron dragons
  4 frost giants
  3 draconian knights
  20 vault wardens
  2 balrugs
  Aizul (Snake:1)
  A deep elf sorcerer (Vaults:5)
  5 draconian scorchers
  A curse skull (Depths:2)
  4 ghost moths
  A draconian stormcaller (Abyss:2)
  2 orc warlords (Vaults:1)
  4 draconian annihilators
  6 draconian shifters
  32 very ugly things
  9 stone giants
  2 war gargoyles
  8 green draconians
  2 spriggan defenders
  12 ironbound preservers
  A vampire knight (Depths:4)
  4 ironbound thunderhulks
  A lorocyproca (Depths:1)
  7 white draconians
  9 purple draconians
  10 black draconians
  A deep elf demonologist (Vaults:5)
  An entropy weaver (shapeshifter) (D:15)
  13 yellow draconians
  2 entropy weavers
  9 red draconians
  8 spark wasps
  The ghost of Bigaod the Fighter, a journeyman DsGl of Ru (Orc:1)
  A blizzard demon (Abyss:2)
  19 ettins
  7 merfolk impalers
  A green death (Abyss:2)
  A deep elf death mage (Vaults:4)
  6 merfolk javelineers
  Josephine (D:13)
  8 fire dragons
  5 great orbs of eyes
  3 deep elf high priests (Vaults:5)
  8 ice dragons
  13 yaktaur captains
  4 rakshasas
  A peacekeeper (Vaults:3)
  44 vault guards
  2 boulder beetles (D:13)
  A salamander tyrant (Snake:4)
  10 anacondas
  4 centaur warriors
  6 hydras
  6 spriggan air magi
  5 ironbound frosthearts
  2 merfolk avatars
  6 ogre magi
  2 alligator snapping turtles
  16 naga warriors
  24 two-headed ogres
  5 merfolk aquamancers
  A death knight (D:14)
  An orc high priest (Orc:1)
  4 deep troll shamans
  A satyr (Shoals:2)
  2 vampire magi (Vaults:3)
  A thrashing horror (Abyss:2)
  6 tengu warriors
  6 deep troll earth magi
  6 soul eaters
  2 spriggan berserkers
  21 naga sharpshooters
  Sonja (Lair:4)
  A deep elf knight (D:12)
  10 hell knights
  13 shock serpents
  3 wretched stars (Abyss:2)
  5 iron trolls
  14 sea snakes
  A sixfirhy (Depths:1)
  2 salamander mystics (Snake:4)
  4 skeletal warriors
  51 deep trolls
  3 glowing orange brains
  A deep elf archer (D:13)
  4 wizards
  4 phantasmal warriors
  13 lindwurms
  2 tengu zombies
  17 ironbound convokers
  36 ugly things
  3 naga ritualists
  12 harpies
  4 orc knights
  2 deep elf pyromancers
  2 cyclopes
  7 necromancers
  14 manticores
  3 orc sorcerers
  9 mana vipers
  A stone giant zombie (Depths:1)
  8 fauns
  3 frost giant zombies
  2 worldbinders (Abyss:2)
  2 large abominations (Abyss:2)
  18 vault sentinels
  15 salamanders
  22 moths of wrath
  22 naga magi
  2 rust devils (Depths:2)
  9 merfolk sirens
  4 smoke demons
  A molten gargoyle (Depths:2)
  A frost giant skeleton (Depths:1)
  5 guardian serpents
  5 water nymphs
  4 elephants (Lair:5)
  33 black mambas
  2 orange demons
  5 cane toads
  A dire elephant skeleton (Abyss:2)
  2 gargoyles (D:12)
  A torpor snail (Lair:2)
  4 unseen horrors
  5 rime drakes
  6 komodo dragons
  A kobold demonologist (Depths:1)
  4 tengu conjurers
  A hellwing (Depths:4)
  6 freezing wraiths
  48 yaktaurs
  6 trolls
  2 ice devils (Depths:4)
  6 wind drakes
  6 polar bears
  An ancient zyme (Abyss:2)
  3 meliai (D:15)
  21 merfolk
  7 hornets
  A sphinx simulacrum (Depths:1)
  27 slime creatures
  A frost giant simulacrum (Vaults:3)
  A dream sheep (shapeshifter) (Depths:1)
  5 snapping turtles
  Grinder (D:6)
  9 blink frogs
  An ettin zombie (Vaults:3)
  5 dream sheep
  A raiju (Abyss:2)
  A slime creature (shapeshifter) (Vaults:4)
  Sigmund (D:4)
  4 starcursed masses (Abyss:2)
  4 flying skulls (Abyss:2)
  15 spriggans
  4 shadows
  2 vampires
  14 water elementals
  7 wraiths
  2 hogs (Shoals:3)
  41 yaks
  5 basilisks
  2 chaos spawn (Depths:4)
  3 fire bats (Depths:2)
  8 wyverns
  2 redbacks (Vaults:1)
  A human (D:13)
  2 neqoxecs (Depths:4)
  A warg (shapeshifter) (D:15)
  32 nagas
  7 vampire mosquitoes
  2 wargs (Orc:1)
  Edmund (D:4)
  An acid dragon (D:8)
  A floating eye (Depths:1)
  14 water moccasins
  5 black bears
  4 sky beasts
  23 orc warriors
  5 small abominations
  A sky beast (shapeshifter) (Vaults:1)
  26 ogres
  4 boggarts (Lair:5)
  11 centaurs
  19 wolves
  A phantom (D:6)
  7 kobold brigands
  Blork the orc (D:6)
  13 bullfrogs
  2 necrophages
  2 gnoll sergeants
  A scorpion (D:6)
  9 wights
  11 killer bees
  6 electric eels
  6 howler monkeys
  2 lava snakes (Snake:4)
  2 human zombies
  A quasit (Abyss:2)
  A centaur zombie (Ossuary)
  3 jellies
  17 orc priests
  4 hounds
  An iron imp (Abyss:2)
  Terence (D:2)
  4 iguanas
  25 orc wizards
  12 hell rats
  2 mummies (Ossuary)
  17 gnolls
  2 river rats
  9 adders
  5 white imps
  4 ufetubi
  3 adder zombies (Ossuary)
  11 worms
  2 dart slugs
  69 orcs
  19 ball pythons
  9 endoplasms
  4 giant cockroaches
  7 goblins
  10 hobgoblins
  9 kobolds
  4 quokkas
  5 bats
  2 goblin zombies (Ossuary)
  10 hobgoblin zombies (Ossuary)
  A jackal zombie (Ossuary)
  7 kobold zombies (Ossuary)
  8 orc zombies (Ossuary)
  16 rats
  3 rat zombies (Ossuary)
  A butterfly (Lair:2)
  2 starspawn tentacles (Abyss:2)
  4 tentacles (Shoals:4)
1837 creatures vanquished.

Vanquished Creatures (collateral kills)
  Parghit (Zot:1)
  Frederick (Vaults:2)
  A tentacled monstrosity (Zot:1)
  A titan (Vaults:5)
  A death cob (Zot:1)
  A shadow dragon (Vaults:5)
  A draconian monk (Zot:1)
  Ilsuiw (Shoals:2)
  A draconian knight (Zot:1)
  A vault warden (Vaults:5)
  A ghost moth (Zot:1)
  A spriggan defender (Depths:4)
  An ironbound preserver (Vaults:5)
  A stone giant (Vaults:5)
  A black draconian (Zot:5)
  A purple draconian (Zot:1)
  2 white draconians (Zot:1)
  2 yellow draconians
  Snorg (Lair:4)
  3 merfolk impalers
  A great orb of eyes (Vaults:4)
  A yaktaur captain (Vaults:5)
  A vault guard (Vaults:5)
  5 hydras
  A jorogumo (shapeshifter) (Vaults:5)
  A merfolk avatar (Shoals:4)
  A satyr (Shoals:2)
  A hell knight (Depths:4)
  3 deep trolls
  A wizard (Vaults:4)
  A phantasmal warrior (Vaults:5)
  An orc knight (D:12)
  An ugly thing (Vaults:4)
  A merfolk siren (Shoals:2)
  A naga mage (Snake:1)
  A vault sentinel (Vaults:4)
  A troll (shapeshifter) (Vaults:5)
  6 merfolk
  A wind drake (Shoals:2)
  2 yaks (Lair:5)
  A hog (Shoals:4)
  A naga (Snake:1)
  A water moccasin (Lair:4)
  A swamp drake (D:10)
  An orc priest (D:12)
  3 orcs (D:10)
64 creatures vanquished.

Vanquished Creatures (others)
  A draconian knight (Zot:4)
  A frost giant (Vaults:5)
  An ironbound preserver (Vaults:2)
  A draconian annihilator (Zot:3)
  A vault guard (Vaults:2)
  A mana viper (Snake:1)
  A moth of wrath (Zot:2)
  A tengu simulacrum (Depths:2)
  4 humans (Shoals:4)
  An orc warrior (D:7)
  An ogre (D:7)
  A centaur (D:7)
  A howler monkey (D:7)
  An orc wizard (D:8)
  An orc (D:7)
  33 fungi
  231 plants
  7 starspawn tentacles (Abyss:2)
  20 tentacles (Shoals:4)
309 creatures vanquished.

Grand Total: 2210 creatures vanquished

Notes
Turn   | Place    | Note
-------+----------+-------------------------------------------
     0 | D:1      | EvilAshe the Human Fighter began the quest for the Orb.
     0 | D:1      | Reached XP level 1. HP: 18/18 MP: 1/1
   213 | D:1      | Reached XP level 2. HP: 24/24 MP: 2/2
   379 | D:1      | Found Zuatone's Antique Weapon Shoppe.
   381 | D:1      | Found Ofoafux's General Store.
   421 | D:1      | Found a faded altar of an unknown god.
   808 | D:1      | Reached XP level 3. HP: 29/29 MP: 3/3
   814 | D:1      | Found Buoff's Antique Armour Boutique.
   991 | D:2      | Noticed Terence
  1003 | D:2      | Killed Terence
  1004 | D:2      | Reached XP level 4. HP: 17/35 MP: 4/4
  2067 | D:3      | You fall into a shaft and drop 1 floor!
  2094 | D:4      | Reached XP level 5. HP: 33/42 MP: 5/5
  2999 | D:3      | Identified the +5 short sword of Parts Unknown {holy, rF+}
  4123 | D:4      | Noticed Sigmund
  4161 | D:5      | Entered Level 5 of the Dungeon
  4239 | D:5      | Reached XP level 6. HP: 20/48 MP: 6/6
  5381 | D:5      | Found a radiant altar of Vehumet.
  5424 | D:5      | Reached skill level 5 in Long Blades
  5509 | D:5      | Noticed a water moccasin
  5522 | D:5      | Killed a water moccasin
  5523 | D:5      | Reached XP level 7. HP: 48/55 MP: 7/7
  5706 | D:5      | Found a staircase to the Ecumenical Temple.
  6402 | D:6      | Found a burning altar of Makhleb.
  6411 | D:6      | Became a worshipper of Makhleb the Destroyer
  6499 | D:6      | Noticed Grinder
  6532 | D:6      | Found a glowing drain.
  6571 | Sewer    | Entered a sewer
  6700 | Sewer    | Reached skill level 5 in Fighting
  6702 | Sewer    | Reached skill level 5 in Armour
  6753 | Sewer    | Reached XP level 8. HP: 56/62 MP: 8/8
  7361 | Sewer    | Reached * piety under Makhleb
  8005 | D:6      | Reached XP level 9. HP: 69/69 MP: 9/9
  8012 | D:6      | Noticed Blork the orc
  8025 | D:6      | Killed Blork the orc
  8082 | D:6      | Found a blossoming altar of Fedhas.
  8251 | D:6      | Killed Grinder
  8998 | D:6      | Reached ** piety under Makhleb
  9158 | D:6      | Found a shimmering blue altar of Sif Muna.
  9589 | D:4      | Killed Sigmund
  9701 | D:4      | Noticed Edmund
  9719 | D:4      | Killed Edmund
 10159 | D:6      | Reached XP level 10. HP: 79/79 MP: 10/10
 10962 | D:6      | Reached skill level 10 in Long Blades
 11422 | D:7      | Reached skill level 1 in Invocations
 11501 | D:7      | Found a burning altar of Makhleb.
 11604 | D:7      | Found a shimmering altar of Xom.
 11763 | D:7      | Identified the +9 dagger "Dehit" {flame, rElec rF- rC+}
 11916 | D:8      | Found a sand-covered staircase.
 11926 | Ossuary  | Entered an ossuary
 11946 | Ossuary  | Reached *** piety under Makhleb
 12265 | D:8      | Found a hazy altar of Hepliaklqana.
 12446 | D:8      | Reached **** piety under Makhleb
 13144 | D:8      | Found a staircase to the Lair.
 13601 | D:9      | Identified the +1 leather armour of Responsibility {rF+
                  | rCorr Int+3 Dex+4}
 13674 | D:9      | Found a runed translucent door.
 13675 | D:9      | Noticed Rayvis's ghost (novice MiFi)
 13748 | D:9      | Noticed a four-headed hydra
 13777 | D:9      | Killed a four-headed hydra
 13778 | D:9      | Reached XP level 11. HP: 22/87 MP: 13/13
 14976 | D:10     | Entered Level 10 of the Dungeon
 16263 | D:10     | Found a staircase to the Orcish Mines.
 17194 | D:10     | Noticed a four-headed hydra
 17200 | D:10     | Killed a four-headed hydra
 17201 | D:10     | Reached skill level 5 in Invocations
 19248 | Lair:1   | Entered Level 1 of the Lair of Beasts
 19383 | Lair:1   | Reached XP level 12. HP: 95/95 MP: 16/16
 21767 | Lair:3   | Found a staircase to the Shoals.
 22195 | Lair:3   | Found a staircase to the Snake Pit.
 22320 | Lair:3   | Reached skill level 10 in Armour
 22478 | Lair:3   | Reached skill level 10 in Fighting
 22965 | Lair:3   | Identified a scroll of acquirement
 22966 | Lair:3   | Acquired the +2 pair of boots of Wrong Decisions {rElec rF+
                  | Dex+2}
 23003 | Lair:4   | Found a staircase to the Slime Pits.
 23210 | Lair:4   | Noticed Sonja
 23244 | Lair:4   | Killed Sonja
 23245 | Lair:4   | Reached skill level 5 in Shields
 23296 | Lair:4   | Reached XP level 13. HP: 103/103 MP: 18/18
 23537 | Lair:4   | Noticed a seven-headed hydra
 23550 | Lair:4   | Killed a seven-headed hydra
 23585 | Lair:4   | Noticed Snorg
 23594 | Lair:4   | Killed Snorg
 23706 | Lair:4   | Noticed a seven-headed hydra
 23714 | Lair:4   | Killed a seven-headed hydra
 23779 | Lair:4   | Found a viscous altar of Jiyva.
 23880 | Lair:4   | Noticed a five-headed hydra
 23889 | Lair:4   | Killed a five-headed hydra
 24189 | Lair:5   | Entered Level 5 of the Lair of Beasts
 24461 | Lair:5   | Acquired a +2 double sword of pain
 24808 | Lair:5   | Identified the +7 flail "Mede" {drain, rC- Str+3 Int+5
                  | Dex+6}
 25659 | Lair:5   | Found a blossoming altar of Fedhas.
 25917 | Lair:5   | Noticed a four-headed hydra
 26065 | Lair:5   | Killed a four-headed hydra
 26066 | Lair:5   | Reached XP level 14. HP: 106/113 MP: 20/20
 26629 | Lair:5   | Reached skill level 15 in Long Blades
 28484 | D:13     | Found Firov's Jewellery Boutique.
 28598 | D:13     | Reached ***** piety under Makhleb
 28932 | D:13     | Found a glowing silver altar of Zin.
 29094 | D:13     | Identified the +10 dagger of Intuition {drain, rN+}
 30133 | D:14     | Reached XP level 15. HP: 78/121 MP: 21/21
 30408 | D:14     | Noticed Frances
 31652 | D:13     | Bought a ring of poison resistance for 300 gold pieces
 31976 | Snake:1  | Entered Level 1 of the Snake Pit
 32966 | Snake:1  | Noticed Aizul
 33680 | Snake:1  | Killed Aizul
 35146 | Snake:1  | Noticed Asterion
 35159 | Snake:1  | Noticed a balrug
 35167 | Snake:1  | Killed Asterion
 35303 | Snake:1  | Found a runed translucent door.
 35414 | Snake:1  | Reached skill level 10 in Shields
 36227 | Snake:2  | Reached XP level 16. HP: 122/131 MP: 4/23
 36951 | Snake:1  | Reached skill level 10 in Invocations
 37027 | Snake:1  | Reached skill level 1 in Dodging
 37927 | Snake:2  | Noticed a nagaraja
 37999 | Snake:1  | Killed a nagaraja
 38390 | Snake:2  | Identified the ring "Fedoxauf" {Fire rN++}
 42302 | D:1      | Bought a runed helmet for 247 gold pieces
 42779 | Snake:4  | Entered Level 4 of the Snake Pit
 43357 | Snake:4  | Reached XP level 17. HP: 138/139 MP: 25/25
 44052 | Snake:4  | Reached skill level 5 in Dodging
 46795 | Snake:4  | Got a serpentine rune of Zot
 47439 | Shoals:1 | Entered Level 1 of the Shoals
 47496 | Shoals:1 | Learned a level 3 spell: Vampiric Draining
 48106 | Shoals:1 | Reached XP level 18. HP: 148/148 MP: 27/27
 48627 | Shoals:2 | Reached skill level 15 in Fighting
 48814 | Shoals:2 | Reached skill level 15 in Armour
 48825 | Shoals:2 | Noticed Ilsuiw
 48863 | Shoals:2 | Killed Ilsuiw
 48948 | Shoals:2 | Found Rywone's Book Boutique.
 50340 | Shoals:4 | Entered Level 4 of the Shoals
 50343 | Shoals:4 | Noticed Kirke
 50688 | Shoals:4 | Found Kelio's Book Shop.
 50713 | Shoals:4 | Reached ****** piety under Makhleb
 50756 | Shoals:4 | Identified the +2 plate armour of Fortification {Dex+3
                  | Slay+2}
 50889 | Shoals:4 | Killed Kirke
 50956 | Shoals:4 | Found Pigh's Assorted Antiques.
 50968 | Shoals:4 | Bought a potion of curing for 108 gold pieces
 50968 | Shoals:4 | Bought a potion of curing for 108 gold pieces
 50968 | Shoals:4 | Bought a dented brass amulet for 180 gold pieces
 50968 | Shoals:4 | Bought a steel ring for 180 gold pieces
 50968 | Shoals:4 | Bought a scroll of enchant weapon for 270 gold pieces
 51208 | Shoals:4 | Found Ebimure's Antique Weapon Emporium.
 51291 | Shoals:4 | Noticed a kraken
 51339 | Shoals:4 | Killed a kraken
 51919 | Shoals:4 | Got a barnacled rune of Zot
 51928 | Shoals:4 | Found Watzeuq's Antique Armour Emporium.
 51946 | Shoals:4 | Bought a pair of runed gloves for 210 gold pieces
 52200 | Shoals:4 | Identified the +9 great mace of Superiority {vorpal, Will+
                  | Dex+3}
 52310 | Shoals:4 | Reached XP level 19. HP: 99/157 MP: 29/29
 52591 | Shoals:4 | Found Anoqoom's Assorted Antiques.
 53155 | D:13     | Noticed Josephine
 53399 | D:13     | Killed Josephine
 53423 | D:13     | Paralysed by an orc sorcerer for 2 turns
 53436 | Abyss:2  | Cast into level 2 of the Abyss (a wizard)
 53469 | D:13     | Escaped the Abyss
 53557 | D:13     | Found a gate to the Vaults.
 53641 | D:13     | Bought a ring of willpower for 375 gold pieces
 53841 | Orc:1    | Entered Level 1 of the Orcish Mines
 53977 | Orc:1    | Found Sop Ufat's Magic Scroll Boutique.
 54035 | Orc:1    | Bought a scroll of teleportation for 45 gold pieces
 54065 | Orc:1    | Found a large runed translucent door.
 54065 | Orc:1    | Found a large runed translucent door.
 54067 | Orc:1    | Noticed Bigaod's ghost (journeyman DsGl)
 54149 | Orc:1    | Killed Bigaod's ghost
 54507 | Orc:2    | Entered Level 2 of the Orcish Mines
 54670 | Orc:2    | Paralysed by an ogre mage for 5 turns
 54815 | Orc:2    | Found Iffoun's Book Shop.
 54815 | Orc:2    | Found Bemeum's Book Emporium.
 54816 | Orc:2    | Found Nob Gira's Antique Armour Shoppe.
 54816 | Orc:2    | Found Ufewump's Weapon Shop.
 55246 | Orc:2    | Found a staircase to the Elven Halls.
 55603 | Vaults:1 | Entered Level 1 of the Vaults
 56703 | Vaults:1 | Found Locey's Magic Scroll Boutique.
 56709 | Vaults:1 | Bought a scroll of teleportation for 36 gold pieces
 56709 | Vaults:1 | Bought a scroll of teleportation for 36 gold pieces
 56709 | Vaults:1 | Bought a scroll of enchant weapon for 90 gold pieces
 56709 | Vaults:1 | Bought a scroll of magic mapping for 90 gold pieces
 56710 | Vaults:1 | Bought a scroll of poison for 48 gold pieces
 56977 | Abyss:2  | Cast into level 2 of the Abyss (a wizard)
 57100 | Abyss:2  | Reached skill level 1 in Necromancy
 57264 | Abyss:2  | Reached skill level 10 in Dodging
 57333 | Abyss:2  | Reached XP level 20. HP: 162/166 MP: 26/30
 57363 | Vaults:1 | Escaped the Abyss
 58682 | Vaults:2 | Identified the +0 helmet of Hedging {rN+ Will+ Str+2}
 58703 | Vaults:2 | Noticed Frederick
 59326 | Vaults:2 | Reached skill level 15 in Invocations
 59982 | Vaults:2 | Reached skill level 5 in Necromancy
 60344 | Vaults:2 | Killed Frederick
 60714 | Vaults:3 | Reached XP level 21. HP: 174/174 MP: 32/32
 61061 | Vaults:3 | Found a staircase to the Crypt.
 61447 | Vaults:3 | Found a runed translucent gate.
 61447 | Vaults:3 | Found a runed translucent gate.
 61447 | Vaults:3 | Found a runed translucent gate.
 61450 | Vaults:3 | Noticed Ruk Syex's ghost (adept MiFi)
 63600 | D:15     | Entered Level 15 of the Dungeon
 63600 | D:15     | Found Hutzyijemm's Jewellery Shoppe.
 63604 | D:15     | Bought the ring of Itoas {EV+4 Str+2 Int+4} for 889 gold
                  | pieces
 63701 | D:15     | Noticed MisterFreud's ghost (journeyman FoGl)
 63975 | D:15     | Found a runed translucent gate.
 63976 | D:15     | Found a runed translucent gate.
 63977 | D:15     | Found a runed translucent gate.
 64098 | D:15     | Reached XP level 22. HP: 183/183 MP: 34/34
 64610 | D:15     | Found a staircase to the Depths.
 64715 | Depths:1 | Entered Level 1 of the Depths
 64801 | Depths:1 | Found a shadowy altar of Dithmenos.
 65299 | Depths:1 | Paralysed by a floating eye for 2 turns
 65592 | Depths:1 | Found a one-way gate to the infinite horrors of the Abyss.
 65646 | Depths:1 | Noticed Sojobo
 65672 | Depths:1 | Paralysed by an air elemental for 1 turns
 65678 | Depths:1 | Paralysed by an air elemental for 1 turns
 65819 | Depths:1 | Paralysed by an air elemental for 1 turns
 65828 | Depths:1 | Paralysed by an air elemental for 1 turns
 65831 | Depths:1 | Killed Sojobo
 65945 | Depths:1 | Found Moiddyba's Jewellery Shoppe.
 65945 | Depths:1 | Found Wokkegaw's Book Shop.
 65946 | Depths:1 | Found Pughoh's Book Shop.
 66072 | Depths:1 | Found a gateway to Hell.
 66379 | Depths:2 | Found a one-way gateway to a ziggurat.
 67143 | Depths:2 | Found a one-way gate leading to the halls of Pandemonium.
 67359 | Depths:2 | Found Ahinyasm's Book Shoppe.
 67509 | Depths:2 | Found a runed door.
 68264 | Depths:3 | Found the +0 staff of Battle
 68354 | Depths:3 | Reached XP level 23. HP: 192/192 MP: 35/35
 68620 | Depths:3 | Found Babboyw's Magic Scroll Boutique.
 68622 | Depths:3 | Found Ullesura's Magic Scroll Shop.
 68624 | Depths:3 | Found Polupli's Assorted Antiques.
 68641 | Depths:3 | Bought a scroll of fear for 56 gold pieces
 68641 | Depths:3 | Bought a scroll of teleportation for 42 gold pieces
 68641 | Depths:3 | Bought a scroll of magic mapping for 105 gold pieces
 68643 | Depths:3 | Bought a scroll of teleportation for 36 gold pieces
 68643 | Depths:3 | Bought a scroll of acquirement for 624 gold pieces
 68643 | Depths:3 | Acquired 900 gold pieces
 68649 | Depths:3 | Bought a scroll of teleportation for 81 gold pieces
 68691 | Depths:3 | Noticed a golden dragon
 68780 | Depths:2 | Killed a golden dragon
 68781 | Depths:2 | Reached skill level 10 in Necromancy
 69229 | Depths:3 | Got the Papyrus of Polar Grit
 69445 | Depths:3 | Found a corrupted altar of Lugonu.
 69473 | Depths:4 | Entered Level 4 of the Depths
 70009 | Depths:4 | Found a blossoming altar of Fedhas.
 70451 | Depths:4 | Noticed a golden dragon
 70503 | Depths:4 | Killed a golden dragon
 71075 | Depths:4 | Reached XP level 24. HP: 175/201 MP: 35/35
 71123 | Depths:4 | Found a gate to the Realm of Zot.
 71125 | Depths:4 | Identified the +9 short sword of Truth {vorpal, SInv}
 71573 | Vaults:5 | Entered Level 5 of the Vaults
 71957 | Vaults:4 | Reached skill level 15 in Dodging
 72229 | Vaults:5 | Noticed a golden dragon
 72294 | Vaults:5 | Noticed a golden dragon
 72355 | Vaults:4 | Killed a golden dragon
 72428 | Vaults:5 | Noticed Mennas
 72502 | Vaults:5 | Noticed a golden dragon
 72515 | Vaults:5 | Killed a golden dragon
 72746 | Vaults:5 | Identified the +8 rapier of the Shining Light {protect,
                  | rC+}
 72746 | Vaults:5 | Identified the +1 robe of the Harvest {rElec Will- Str+2
                  | Archmagi}
 72780 | Vaults:5 | Noticed an ancient lich
 72789 | Vaults:5 | Killed an ancient lich
 73312 | Vaults:5 | Killed a golden dragon
 73516 | Vaults:5 | Reached XP level 25. HP: 100/209 MP: 35/35
 73792 | Vaults:5 | Killed Mennas
 73796 | Vaults:5 | Identified the +3 leather armour of Vunint {Harm}
 73827 | Vaults:5 | Identified the +3 rapier of Benevolence {flame, Str+6}
 74154 | Vaults:5 | Found Ickau's Assorted Antiques.
 74158 | Vaults:5 | Bought a potion of heal wounds for 155 gold pieces
 74582 | Vaults:5 | Got Buturyp's Compendium of Malediction and the Atmosphere
 74584 | Vaults:5 | Got a silver rune of Zot
 74586 | Vaults:5 | Identified the +1 falchion "Deceqy Yxeze" {vorpal, rCorr
                  | Str+4}
 74678 | Vaults:5 | Identified the +1 mace "Necvaolo" {vorpal, +Blink rC++}
 75030 | Zot:1    | Entered Level 1 of the Realm of Zot
 75361 | Zot:1    | Noticed an orb of fire
 75366 | Zot:1    | Gained mutation: Your body sometimes deteriorates upon
                  | taking damage. [an orb of fire]
 75367 | Zot:1    | Gained mutation: Your spells are a little easier to cast,
                  | but a little less powerful. [an orb of fire]
 75719 | Zot:1    | Gained mutation: You occasionally shout uncontrollably at
                  | your foes. [an orb of fire]
 75731 | Zot:1    | Gained mutation: Your spells are easier to cast, but less
                  | powerful. [an orb of fire]
 75735 | Zot:1    | Gained mutation: You sometimes lose your temper in combat.
                  | [an orb of fire]
 75747 | Zot:1    | Killed an orb of fire
 75814 | Zot:1    | Lost mutation: You occasionally shout uncontrollably at
                  | your foes. [potion of mutation]
 75814 | Zot:1    | Lost mutation: Your spells are easier to cast, but less
                  | powerful. [potion of mutation]
 75814 | Zot:1    | Lost mutation: Your body sometimes deteriorates upon taking
                  | damage. [potion of mutation]
 75814 | Zot:1    | Gained mutation: You have hidden genetic defects. [potion
                  | of mutation]
 75837 | Zot:1    | Lost mutation: You have hidden genetic defects. [potion of
                  | mutation]
 75837 | Zot:1    | Lost mutation: Your spells are a little easier to cast, but
                  | a little less powerful. [potion of mutation]
 75837 | Zot:1    | Lost mutation: You sometimes lose your temper in combat.
                  | [potion of mutation]
 75837 | Zot:1    | Gained mutation: Your body sometimes deteriorates upon
                  | taking damage. [potion of mutation]
 75837 | Zot:1    | Gained mutation: You have hidden genetic potential. [potion
                  | of mutation]
 76773 | Zot:2    | Noticed Parghit
 77479 | Zot:1    | Killed Parghit
 78297 | Zot:2    | Found a transporter.
 78393 | Zot:2    | Found a transporter.
 78558 | Zot:3    | Reached XP level 26. HP: 201/220 MP: 35/35
 78581 | Zot:3    | You fall into a shaft and drop 1 floor!
 78916 | Zot:3    | Found a runed translucent door.
 78916 | Zot:3    | Noticed carontestyx's ghost (legendary TeAE)
 80476 | Zot:4    | Gained mutation: You have very sharp teeth. [hidden
                  | potential]
 80782 | Zot:4    | Noticed an orb of fire
 80797 | Zot:4    | Gained mutation: Armour fits poorly on your strangely
                  | shaped body. [an orb of fire]
 80804 | Zot:4    | Killed an orb of fire
 80981 | Zot:4    | Noticed a Killer Klown
 81002 | Zot:4    | Killed a Killer Klown
 81200 | Zot:4    | Identified the +10 dagger of Instinct {freeze, Contam
                  | +Blink rPois}
 81524 | Zot:4    | Noticed a curse toe
 81541 | Zot:4    | Killed a curse toe
 81710 | Zot:5    | Entered Level 5 of the Realm of Zot
 81724 | Zot:5    | Learned a level 3 spell: Swiftness
 82212 | Zot:5    | Reached skill level 15 in Necromancy
 82224 | Zot:5    | Reached skill level 1 in Air Magic
 82562 | Zot:5    | Noticed a dread lich
 82797 | Zot:5    | Noticed a Killer Klown
 82838 | Zot:5    | Killed a Killer Klown
 82853 | Zot:5    | Noticed an orb of fire
 82866 | Zot:4    | Killed a dread lich
 82897 | Zot:4    | Killed an orb of fire
 83129 | Zot:5    | Noticed a dread lich
 83256 | Zot:4    | Killed a dread lich
 83257 | Zot:4    | Reached XP level 27. HP: 211/219 MP: 35/35
 83294 | Zot:5    | Noticed an ancient lich
 83295 | Zot:5    | Noticed an ancient lich
 83310 | Zot:5    | Killed an ancient lich
 83311 | Zot:5    | Noticed an orb of fire
 83323 | Zot:5    | Killed an ancient lich
 83328 | Zot:5    | Gained mutation: You are dopey. (Int -2) [an orb of fire]
 83340 | Zot:5    | Lost mutation: You have very sharp teeth. [an orb of fire]
 83346 | Zot:5    | Found the +4 dragonskin cloak
 83346 | Zot:5    | Noticed Tiamat
 83354 | Zot:5    | Killed an orb of fire
 83842 | Zot:5    | Killed Tiamat
 83999 | Zot:5    | Noticed an orb of fire
 84007 | Zot:5    | Gained mutation: You are frail. (-10% HP) [an orb of fire]
 84024 | Zot:5    | Killed an orb of fire
 84025 | Zot:5    | Reached skill level 15 in Shields
 84133 | Zot:5    | Noticed a dread lich
 84192 | Zot:5    | Killed a dread lich
 84308 | Zot:5    | Noticed a Killer Klown
 84346 | Zot:5    | Noticed a Killer Klown
 84362 | Zot:5    | Killed a Killer Klown
 84370 | Zot:5    | Killed a Killer Klown
 84432 | Zot:5    | Gained mutation: You have a pair of small antennae on your
                  | head. [hidden potential]
 84432 | Zot:5    | Lost mutation: You have hidden genetic potential. [hidden
                  | potential expressed]
 84527 | Zot:5    | Noticed a dread lich
 84553 | Zot:5    | Killed from afar by a hellion

Illustrated notes

Levels and vault maps discovered:
D:1:      zelgadis_glass_arrival_large, layout_basic, serial_shops,
          nicolae_shop_overgrown_old_shop, nicolae_shop_trees, shop,
          shapermc_ecumenical_altar_acropolis, serial_forest,
          infiniplex_forest_clump_small, infiniplex_forest_end_1,
          infiniplex_forest_clump_cross, infiniplex_forest_clump_double,
          feat_on_display
D:2:      minmay_inner_zag, layout_loops_ring, uniq_terence
D:3:      layout_basic
D:4:      layout_basic, sigmund_edmund_badplayer
D:5:      layout_loops_ring, vehumet_crystals, minmay_temple_entry_from_below_a
D:6:      kb_forest_paths, layout_basic, mainiacjoe_overflow_alcove_1,
          portal_sewer_entry_a, grunt_decor_arrowhead, hangedman_feature_mirror,
          uniq_grinder, uniq_edmund, uniq_blork_the_orc
D:7:      layout_rooms, xom_confusion_cloud, amcnicky_altar_gilded,
          solitary_fountain, st_stairs_2
D:8:      layout_basic, mainiacjoe_overflow_brackets, lair_entry_dummy,
          nicolae_ossuary_entry_monument
D:9:      minmay_distorted_concentric_squares, layout_long_grid,
          ebering_ghost_reflecting_pool, grunt_ministairs_8
D:10:     layout_stronghold, erik_orc_1, corexii_leaking_fountain
D:11:     layout_irregular_city, minmay_misc_feat_enclosed,
          lemuel_flamethrower_2
D:12:     layout_irregular_city, lightli_minifort
D:13:     layout_irregular_city, grunt_vaults_entry_fortified, serial_shops,
          shop, chequers_serial_rivers_micro_c, fungi_pond_lemuel, zin_statuary,
          uniq_josephine
D:14:     layout_long_grid, fountainhead, special_room
          [special_room_mythical_zoo], uniq_frances
D:15:     grunt_enter_depths_hoard, layout_cave_pools, gammafunk_ghost_split,
          serial_co_window_serial, co_window_of_opportunity_a,
          co_window_paths_a, co_window_paths_a, co_window_paths_a,
          co_window_paths_b, co_window_paths_a, co_window_broadway_b,
          co_window_unsneaky_path_e, co_window_2corner, co_window_broadway_b,
          co_window_of_opportunity_b, co_window_4corner_b, glass_columns_a,
          glass_columns_b, glass_columns_c, glass_columns_c, glass_columns_a,
          serial_shops, nicolae_shop_hallway_stairs, nrook_mini_vaults
Lair:1:   layout_loops_ring, cheibrodos_lair_caveside_slide,
          dpeg_stationary_puzzle
Lair:2:   layout_hall_layers, gauntlet_entry_generic, grunt_forest_stairs_basic,
          lemuel_fruit_tree, grunt_megastairs_4, lemuel_fruit_fields
Lair:3:   layout_gridlike, shoals_dummy_entry, guppyfry_snake_entry_garden,
          dpeg_oklob_1
Lair:4:   layout_misc_corridors, minmay_slime_entry_oklob_open, uniq_sonja,
          uniq_snorg
Lair:5:   minmay_lair_end_enchanted_forest, layout_loops_ring, serial_bayou,
          serial_bayou_crossing, serial_bayou_pond_e, serial_bayou_ford_a,
          serial_bayou_lake_a, basic_altar, infiniplex_staircase_pool
Shoals:1: layout_shoals
Shoals:2: layout_shoals, serial_shops, shop, uniq_ilsuiw
Shoals:3: layout_shoals
Shoals:4: shoals_end_simple, layout_shoals, shoals_ilsuiw_alternative,
          serial_shops, nicolae_lakefront_shop, shop, nicolae_shop_trees,
          nicolae_shop_competitors_out_of_business, nicolae_lakefront_shop,
          uniq_kirke
Snake:1:  layout_gridlike, nicolae_snake_gridmaze_waves, eino_curves_02,
          grunt_ministairs_14, lightli_airlock, uniq_asterion, uniq_aizul
Snake:2:  layout_onion
Snake:3:  layout_chambers, nicolae_snake_gridmaze_swirls,
          nicolae_snake_slithery_corners, nicolae_snake_salamander_jacuzzi
Snake:4:  snake_pit, layout_basic, serial_bayou, serial_bayou_pond_a,
          serial_bayou_lagoon_a, serial_bayou_pond_e, serial_bayou_pond_b
Orc:1:    layout_caves, serial_shops, shop, ebering_ghost_disaster_area,
          basic_altar, nicolae_orc_stony_grotto
Orc:2:    st_orc_ogre_mass, layout_caves
Vaults:1: vaults_room_stairs_pillars, vaults_room_semicircle, v_misc_9,
          nicolae_vaults_big_angled_halls, v_alt_pattern_3,
          ontoclasm_vaults_chip, ontoclasm_vaults_bender, v_pattern_1,
          ontoclasm_vaults_gateway, v_misc_30, hangedman_vaults_snaps,
          vaults_room_ringed_pool, vaults_room_grunt_arrival_ludios,
          layout_vaults_big_room, serial_shops, nicolae_shop_behind_doors
Vaults:2: grunt_vaults_bifocal, v_misc_1, vaults_room_guarded_vault,
          nicolae_vaults_disjoint_gnomons, nicolae_vaults_stairing_the_circle,
          vaults_mumra_minichess_inversion, vaults_room_fancy_cross,
          hangedman_vaults_maws, grunt_vaults_funnel, vaults_room_pool,
          nicolae_vaults_little_squares_2, grunt_vaults_hallway_short,
          serial_ice_b, layout_vaults_omnicross, uniq_frederick
Vaults:3: gammafunk_ghost_tricky_traps, v_misc_29,
          minmay_crypt_entry_simple_walls, nicolae_vaults_little_squares_1,
          ontoclasm_vaults_chip, nicolae_vaults_statue_guard,
          grunt_vaults_focal, nicolae_vaults_theta, ontoclasm_vaults_ring_small,
          nicolae_vaults_little_squares_3, layout_vaults_quadrants
Vaults:4: hangedman_vaults_slice, nicolae_vaults_little_squares_2,
          nicolae_vaults_bisected_slash, nicolae_vaults_circle_grid_b, v_misc_5,
          v_misc_19, v_misc_26, v_pattern_5, hangedman_vaults_cutoff,
          nicolae_vaults_arrows, vaults_room_large_hall, vaults_dpeg_diagonal,
          layout_vaults_omnibox
Vaults:5: uniq_mennas
Depths:1: layout_roguey, dk_noncrumbling_4, marbit_kobold_abyss_entry,
          lightli_too_deep, nicolae_dithmenos_the_darkroom, minmay_shop_grove,
          uniq_sojobo
Depths:2: evilmike_wizard_prison, layout_gridlike, enter_ziggurat_a,
          abyss_entry, serial_shops, nicolae_shop_hallway_plus, hell_entry,
          rand_demon_pan_entry_7, infiniplex_staircase_pillars_2, firewood_loft
Depths:3: grunt_double_whammy, layout_cave_shapes, pf_coc_iceberg,
          abyss_entry_flame_altar, infiniplex_staircase_pool_2, minmay_shop_star
Depths:4: evilmike_zot_entry_hall, layout_gridlike, grunt_pan_entry_spiral,
          fedhas_altar_4, hell_entry
Zot:1:    layout_cellular_growth
Zot:2:    gammafunk_sealed_arena, layout_onion_interference, uniq_parghit
Zot:3:    layout_gridlike, ebering_ghost_inner_flame, st_stairs_2,
          grunt_ministairs_12
Zot:4:    layout_gridlike, st_single_dragon_hoard_3, zot_minivault_5
Zot:5:    layout_gridlike, bh_zot_lava_cross, uniq_tiamat

Skill      XL: |  1  2  3  4  5  6  7  8  9 10 11 12 13 14 15 16 17 18 19 20 21 22 23 24 25 26 27 |
---------------+----------------------------------------------------------------------------------+-----
Long Blades    | 3 4 5 6 7 9 11 12 13 14 16 | 16.5
Fighting       | 4 5 6 7 8 9 10 11 12 13 14 15 16 17 18 19 20 21 | 21.7
Armour         | 4 5 6 7 8 9 10 11 12 13 14 15 16 17 18 19 20 21 | 21.7
Invocations    | 3 5 7 8 9 11 12 13 14 15 16 17 | 17.0
Shields        | 5 6 8 10 11 12 13 14 15 | 15.1
Dodging        | 4 6 8 10 11 12 13 14 15 16 17 18 | 18.0
Necromancy     | 2 5 7 9 11 12 14 15 | 15.5
Air Magic      | 2 4 |  4.3

Action                   |  1- 3 |  4- 6 |  7- 9 | 10-12 | 13-15 | 16-18 | 19-21 | 22-24 | 25-27 || total
-------------------------+-------+-------+-------+-------+-------+-------+-------+-------+-------++-------
Melee: Long sword        |    54 |   290 |   342 |  1098 |    98 |       |       |    10 |       ||  1892
       Double sword      |       |       |       |       |  1034 |  1520 |  1756 |  2135 |  2084 ||  8529
       Unarmed           |       |       |       |       |       |     5 |       |       |       ||     5
       Bite              |       |       |       |       |       |       |       |       |    98 ||    98
Throw: Boomerang         |       |    13 |     3 |    74 |    45 |    49 |    20 |     9 |       ||   213
       Dart              |       |       |     8 |    15 |       |       |       |       |       ||    23
 Cast: Vampiric Draining |       |       |       |       |       |       |       |       |    11 ||    11
Invok: Minor Destruction |       |       |       |    11 |    14 |       |       |       |     5 ||    30
       Lesser Servant of |       |       |       |     6 |    20 |    11 |     8 |    16 |     8 ||    69
       Greater Servant o |       |       |       |       |       |     2 |     5 |     5 |     9 ||    21
       Major Destruction |       |       |       |       |       |       |     2 |     1 |       ||     3
Evoke: Wand              |       |     2 |       |    11 |     3 |     4 |     1 |       |       ||    21
       Box of beasts     |       |       |       |       |       |     1 |     1 |     1 |     1 ||     4
       Phial of floods   |       |       |       |       |       |       |       |       |     2 ||     2
       Phantom mirror    |       |       |       |       |       |       |       |       |     1 ||     1
  Use: Potion            |     1 |       |       |     1 |     3 |     1 |     1 |     6 |    18 ||    31
       Scroll            |       |     5 |     9 |    14 |    12 |     8 |     4 |    13 |    17 ||    82
 Stab: Invisible         |       |       |       |     2 |       |       |     2 |       |     3 ||     7
       Distracted        |       |       |       |       |     1 |     2 |     4 |    10 |     2 ||    19
Armor: Scale mail        |    28 |       |       |       |       |       |       |       |       ||    28
       Chain mail        |       |   145 |    97 |       |       |       |       |       |       ||   242
       Plate armour      |       |       |    97 |   661 |   723 |   640 |   665 |   360 |       ||  3146
       Gold dragon scale |       |       |       |       |       |       |       |   720 |  1338 ||  2058
Dodge: Dodged            |    24 |    87 |   100 |   229 |   245 |   341 |   823 |  1090 |  1132 ||  4071
Block: Buckler           |     9 |    52 |    72 |   120 |       |       |       |       |       ||   253
       Tower shield      |       |       |       |   219 |   978 |   203 |       |       |       ||  1400
       Kite shield       |       |       |       |       |       |   891 |  1310 |  1369 |  1373 ||  4943
       Reflection        |       |       |       |       |       |    25 |    10 |       |       ||    35
